AoeStats
← Innocent Civil

Black Forest

509948212Analyzed
2v2 RM · 3d ago on Sep 28, 2026· 47m 46s· 4 players
Game mode
Random Map
Map size
Medium (4 player)
Population
200
Speed
Normal
Resources
Standard
Victory
Conquest
Starting age
Dark Age
Ending age
Imperial Age
RankedLock teamsTeams togetherTeam positionsShared explorationLock speedFull tech treeHidden civsTurbo modeCheats
Victory
Defeat
🇨🇭 Persians · Switzerland
900
+14
🇨🇭 Khmer · Switzerland
899
+14
🇭🇷 Bohemians · Croatia
866
-14
🇭🇷 Khmer · Croatia
864
-14
Hitman
0:27 Loom
12:27 Feudal Age
16:28 Castle Age
15:42 Double-Bit Axe
15:40 Horse Collar
18:50 Bow Saw
23:31 Heavy Plow
28:09 Fervor
28:00 Pikeman
28:40 Squires
32:47 Imperial Age
31:27 Fletching
31:58 Forging
32:52 Wheelbarrow
33:26 Caravan
35:04 Chemistry
35:49 Two-Man Saw
35:50 Hussite Reforms
36:23 Conscription
36:21 Scale Mail Armor
37:05 Ballistics
37:33 Iron Casting
38:28 Two-Man Saw
40:39 Blast Furnace
39:54 Chain Mail Armor
39:52 Elite Hussite Wagon
40:08 Halberdier
41:35 Padded Archer Armor
44:08 Hand Cart
44:14 Bodkin Arrow
45:50 Illumination
45:48 Sanctity
B-Matt
0:30 Loom
17:09 Feudal Age
17:42 Double-Bit Axe
19:19 Horse Collar
22:49 Castle Age
22:42 Stone Mining
25:52 Bow Saw
25:48 Heavy Plow
32:12 Wheelbarrow
33:17 Hand Cart
38:41 Imperial Age
38:36 Pikeman
41:02 Conscription
41:42 Caravan
44:15 Crop Rotation
43:34 Elite Ballista Elephant
45:18 Scale Barding Armor
45:24 Forging
45:05 Fletching
45:31 Gold Mining
46:25 Scale Mail Armor
46:28 Halberdier
47:46 Iron Casting
Innocent Civil
13:38 Loom
16:41 Feudal Age
22:08 Castle Age
21:49 Wheelbarrow
22:12 Double-Bit Axe
27:36 Horse Collar
28:45 Bow Saw
30:21 Hand Cart
31:25 Heavy Plow
36:17 Imperial Age
34:03 Scale Barding Armor
35:35 Husbandry
35:58 Chain Barding Armor
35:49 Forging
35:57 Bloodlines
36:29 Fletching
37:04 Caravan
37:54 Plate Barding Armor
37:05 Cavalier
39:46 Chemistry
39:06 Ballistics
39:13 Town Watch
40:56 Two-Man Saw
40:11 Murder Holes
40:27 Masonry
40:23 Town Patrol
41:02 Savar
41:04 Crossbowman
41:41 Bodkin Arrow
42:49 Padded Archer Armor
43:25 Iron Casting
43:01 Gold Mining
43:24 Devotion
43:35 Fervor
43:26 Light Cavalry
44:13 Heated Shot
43:54 Pikeman
44:39 Kamandaran
44:50 Citadels
45:07 Thumb Ring
47:12 Elite War Elephant
48:13 Conscription
fyfy
12:16 Feudal Age
13:01 Loom
13:27 Double-Bit Axe
16:59 Castle Age
15:20 Horse Collar
20:44 Bow Saw
23:45 Wheelbarrow
23:49 Heavy Plow
25:16 Hand Cart
25:01 Gold Mining
27:18 Gold Shaft Mining
27:00 Stone Mining
29:04 Stone Shaft Mining
31:29 Imperial Age
29:17 Town Watch
28:56 Light Cavalry
29:37 Husbandry
30:19 Caravan
31:00 Bloodlines
30:58 Scale Barding Armor
31:04 Forging
30:45 Fletching
31:57 Ballistics
31:48 Fortified Wall
31:35 Murder Holes
31:52 Masonry
33:06 Iron Casting
32:55 Chain Barding Armor
33:09 Double Crossbow
33:33 Conscription
33:13 Double Crossbow
33:17 Hussar
35:28 Blast Furnace
35:36 Chemistry
36:23 Plate Barding Armor
36:18 Siege Engineers
38:38 Heavy Scorpion
39:58 Hoardings
40:09 Elite Battle Elephant
40:48 Bodkin Arrow
47:25 Tusk Swords
47:30 Bracer
Connection lost

Rejoining the realm…

Still unreachable

The connection could not be restored.

Session expired

The server has moved on; the page needs a fresh start.